 Dungeon Crawl Stone Soup version 0.31-a0-986-g5e6e4ef867 (webtiles) character file.

Game seed: 18334781952645726459

4404 quinnr the Zephyrmancer (level 10, -10/59 HPs)
             Began as a Tengu Air Elementalist on Nov 19, 2023.
             Was a Priest of Vehumet.
             Killed by the air
             ... invoked by Gastronok
              (32 damage)
             ... on level 8 of the Dungeon.
             The game lasted 00:27:52 (11602 turns).

quinnr the Zephyrmancer (Tengu Air Elementalist)   Turns: 11602, Time: 00:27:52

Health: -10/59     AC:  6    Str:  9    XL:     10   Next: 35%
Magic:  11/20      EV: 31    Int: 19    God:    Vehumet [***...]
Gold:   668        SH:  0    Dex: 15    Spells: 5/21 levels left

rFire   . . .        o - +0 dagger
rCold   . . .        (no shield)
rNeg    . . .        a - +0 robe
rPois   .            (helmet restricted)
rElec   .            k - scarf {+Inv}
rCorr   .            (no gloves)
SInv    .            (boots unavailable)
Will    .....        x - amulet of faith {!P}
Stlth   ++           T - +4 ring of protection
HPRegen 0.29/turn    (no ring)
MPRegen 0.17/turn

%: acrobat, faith
@: acrobatic, flying
A: beak, talons 3, evasive flight, acrobatic
a: Renounce Religion, Evoke Invisibility


You were on level 8 of the Dungeon.
You worshipped Vehumet.
Vehumet was most pleased with you.
You visited 2 branches of the dungeon, and saw 9 of its levels.
You also visited: Ossuary and Bailey.

You collected 811 gold pieces.
You spent 143 gold pieces at shops.


Innate Abilities, Weirdness & Mutations

You have a beak for a mouth.
You have claws for feet.
Your magical flight helps you evade attacks. (EV +4)
You can magically evade attacks while moving or waiting.


   Skills:
 - Level 5.0 Fighting
 - Level 2.1 Dodging
 - Level 2.0 Stealth
 + Level 6.1 Spellcasting
 - Level 4.0 Conjurations
 - Level 7.0 Summonings
 - Level 12.0 Air Magic
 - Level 3.0 Poison Magic
 + Level 4.4 Evocations


You had 5 spell levels left.
You knew the following spells:

 Your Spells              Type           Power      Damage    Failure   Level
a - Airstrike             Air            25%        2d(4-20)  1%          4
c - Call Canine Familiar  Summ           32%        N/A       1%          3
i - Swiftness             Air            51%        N/A       1%          3
m - Mephitic Cloud        Conj/Pois/Air  29%        N/A       1%          3
t - Static Discharge      Conj/Air       72%        3-6/arc   1%          2
z - Shock                 Conj/Air       100%       1d9       1%          1

Your spell library contained the following spells:

 Spells                   Type           Power      Damage    Failure   Level
 Dazzling Flash           Conj/Hex       26%        N/A       4%          3
 Magic Dart               Conj           84%        1d7       1%          1
 Summon Small Mammal      Summ           100%       N/A       1%          1
 Call Imp                 Summ           64%        N/A       1%          2
 Summon Guardian Golem    Hex/Summ       19%        N/A       8%          3
 Iskenderun's Mystic Bla  Conj/Tloc      13%        2d5       13%         4
 Blink                    Tloc           10%        N/A       17%         2
 Ensorcelled Hibernation  Hex/Ice        10%        N/A       17%         2
 Passwall                 Tmut/Erth      4%         N/A       17%         2
 Wereblood                Tmut           5%         N/A       17%         2
 Ozocubu's Armour         Ice            5%         N/A       32%         3
 Tukima's Dance           Hex            5%         N/A       32%         3
 Irradiate                Conj/Tmut      6%         3d13      32%         5
 Yara's Violent Unravell  Hex/Tmut       2%         3d3       58%         5
 Dimensional Bullseye     Hex/Tloc       2%         N/A       73%         4
 Manifold Assault         Tloc           5%         N/A       73%         4
 Passage of Golubria      Tloc           5%         N/A       73%         4
 Ozocubu's Refrigeration  Ice            2%         4d8       100%        7

Inventory:

Hand Weapons
 o - a +0 dagger (weapon)
Missiles
 y - 9 boomerangs
Armour
 a - a +0 robe (worn)
 k - a scarf of invisibility (worn)
Jewellery
 x - an amulet of faith (around neck) {!P}
 C - a ring of ice
 T - a +4 ring of protection (left hand)
Wands
 n - a wand of polymorph (7)
 B - a wand of mindburst (24)
Scrolls
 c - 6 scrolls of enchant weapon {unknown}
 d - 5 scrolls of identify {@r1}
 e - 4 scrolls of teleportation {unknown}
 q - a scroll of fog {unknown}
 r - a scroll of enchant armour {unknown}
 s - 2 scrolls of blinking {unknown}
 u - a scroll of poison {unknown}
 v - a scroll of vulnerability {unknown}
 A - a scroll of noise {unknown}
 D - a scroll of brand weapon {unknown}
Potions
 b - 2 potions of magic
 f - 3 potions of degeneration {unknown}
 g - 4 potions of brilliance {unknown}
 h - 2 potions of resistance {unknown}
 i - a potion of haste {unknown}
 j - 3 potions of might {unknown}
 l - 4 potions of lignification {unknown}
 m - 7 potions of enlightenment
 p - 4 potions of mutation {unknown}
 t - 4 potions of heal wounds {unknown}
 w - 3 potions of berserk rage {unknown}
 z - 5 potions of curing {@q1}

Dungeon Overview and Level Annotations

Branches:
Dungeon (8/15)             Temple (1/1) D:7         Ossuary (visited)
 Bailey (visited)
   Lair: D:8-11

Altars:
Ashenzari
Elyvilon
Kikubaaqudgha
Nemelex Xobeh
Okawaru
Ru
Sif Muna
Trog
Uskayaw
Vehumet
Wu Jian
Xom
Zin
The Shining One

Shops:
D:5 =   D:8 !

Annotations:
D:4 2 transporters
D:8 exclusion: ice statue, Gastronok

g.....#
#.$....############
......# #.......[8
#...... ......#
#......### #.#####
......# #....### #.#
## .##.... #...## #.#
#. .# .... #...#
######.# ##. .# ...
#..## #....#.# #..
#..#####.##.#.###.#
#.@##....##.......#
#..##.#######.##.##
#..##.#######.#..##
#..##.........#.###
#hw####.#.......# #
.#..# ##.###†.#### #
.....##..# ##†# #
...###††..#####'######
.....
######.........##


You could see Gastronok (ally target) and a friendly hound (summoned).


Message History

Your hound bites Gastronok.
Unknown command.
Casting: Airstrike (safe; 1% risk of failure)
Confirm with . or Enter, or press ? or * to list all spells.
Aiming: Shock (safe; 1% risk of failure)
Press: ? - help, Shift-Dir - straight line, f/p - Gastronok
Aim: Gastronok, wearing the +3 hat of Pondering {ponderous, Will+ MP+10 Int+5} (lightly wounded, ally target, 100% to hit)
Okay, then.
Unknown command.
Your hound bites Gastronok but does no damage.
Gastronok waves his eye-stalks in wide circles.
The air twists around and strikes you!!!
Ouch! That really hurt!
* * * LOW HITPOINT WARNING * * *
Your hound bites Gastronok but does no damage.
Unknown command.
Unknown command.
Unknown command.
Unknown command.
Unknown command.
Your hound bites Gastronok but does no damage.
Your hound bites Gastronok.
Your hound bites Gastronok but does no damage.
Your hound bites Gastronok but does no damage.
Your hound bites Gastronok but does no damage.
Gastronok waves his eye-stalks in wide circles.
The air twists around and strikes you!!
Ouch! That really hurt!
You die...
Gastronok gurgles, "About time.
I'm starving!"

Skill      XL: |  1  2  3  4  5  6  7  8  9 10 |
---------------+-------------------------------+-----
Air Magic      | 5 6 7 8 11 12 | 12.0
Summonings     | 1 2 3 5 6 7 |  7.0
Fighting       | 1 2 3 5 |  5.0
Conjurations   | 3 4 |  4.0
Poison Magic   | 2 3 |  3.0
Spellcasting   | 3 5 6 |  6.1
Evocations     | 3 4 |  4.4
Dodging        | |  2.1
Stealth        | |  2.0

Action                     |  1- 3 |  4- 6 |  7- 9 | 10-12 || total
---------------------------+-------+-------+-------+-------++-------
  Melee: Unarmed           |       |     6 |       |       ||     6
         Kick              |       |     7 |    21 |    18 ||    46
         Peck              |       |     4 |    14 |    15 ||    33
         Dagger            |       |    16 |    65 |    44 ||   125
  Throw: Boomerang         |       |       |       |     5 ||     5
   Cast: Shock             |    94 |   129 |   171 |    69 ||   463
         Mephitic Cloud    |       |     5 |    16 |    12 ||    33
         Call Canine Famil |       |     3 |    21 |    14 ||    38
         Airstrike         |       |       |    11 |    21 ||    32
         Static Discharge  |       |       |     1 |       ||     1
    Use: Scroll            |       |       |     2 |       ||     2
   Stab: Distracted        |       |       |     2 |     1 ||     3
         Confused          |       |       |     1 |     2 ||     3
 Armour: Robe              |     4 |    29 |    48 |    27 ||   108
  Dodge: Dodged            |     4 |    45 |    97 |    46 ||   192

Levels and vault maps discovered:
D:1:      arrival_zaba_pyramid, layout_loops_corners, kennysheep_boxes
D:2:      layout_rooms
D:3:      layout_loops_cross, tgw_trog, uniq_ijyb
D:4:      layout_gridville, gammafunk_ghost_abyssal_escape
D:5:      layout_basic, serial_shops, shop
D:6:      cheibrodos_fertilizer, layout_basic, uniq_blork_the_orc,
          uniq_prince_ribbit1
D:7:      layout_rooms, minmay_temple_entry_grid, enter_bailey_5, minivault_11
D:8:      minmay_statue_hallways, layout_basic, nicolae_overflow_hidden_temple,
          nicolae_overflow_crystal_walls,
          mainiacjoe_ossuary_entry_find_the_door, serial_shops, shop,
          gammafunk_ghost_wrathful_warriors, minmay_misc_feat_rugged,
          uniq_gastronok
Temple:   nicolae_temple_superstar

Notes
Turn   | Place    | Note
-------+----------+-------------------------------------------
     0 | D:1      | quinnr the Tengu Air Elementalist began the quest for the
                  | Orb.
     0 | D:1      | Reached XP level 1. HP: 10/10 MP: 4/4
   195 | D:1      | Reached XP level 2. HP: 15/15 MP: 0/6
   448 | D:1      | Reached skill level 5 in Air Magic
   990 | D:1      | Reached XP level 3. HP: 19/19 MP: 4/7
  1545 | D:2      | Reached skill level 6 in Air Magic
  1655 | D:2      | Learned a level 3 spell: Call Canine Familiar
  2105 | D:3      | Reached skill level 1 in Summonings
  2105 | D:3      | Reached XP level 4. HP: 24/24 MP: 0/8
  2431 | D:3      | Reached skill level 2 in Summonings
  2547 | D:3      | Learned a level 3 spell: Mephitic Cloud
  2612 | D:3      | Reached XP level 5. HP: 23/28 MP: 3/9
  2675 | D:3      | Noticed Ijyb
  3101 | D:3      | Reached skill level 7 in Air Magic
  3399 | D:3      | Noticed a moth of wrath
  3402 | D:3      | Found a bloodstained altar of Trog.
  3516 | D:3      | Killed Ijyb
  3517 | D:3      | Reached skill level 3 in Summonings
  3645 | D:4      | Noticed a kobold brigand
  3655 | D:4      | Noticed a small abomination
  3752 | D:4      | Reached XP level 6. HP: 32/32 MP: 2/10
  4177 | D:4      | Noticed a toenail golem
  4185 | D:4      | Found a transporter.
  4284 | D:4      | Found a transporter.
  4709 | D:5      | Entered Level 5 of the Dungeon
  4729 | D:5      | Reached skill level 4 in Summonings
  4825 | D:5      | Reached skill level 8 in Air Magic
  4908 | D:5      | Found Vuysip's Jewellery Shop.
  5716 | D:5      | Reached skill level 5 in Summonings
  5813 | D:6      | Reached skill level 1 in Fighting
  5829 | D:6      | Gained mutation: Your magical flight helps you evade
                  | attacks. (EV +4) [Tengu growth]
  5829 | D:6      | Reached XP level 7. HP: 38/38 MP: 6/11
  5880 | D:6      | Reached skill level 2 in Fighting
  6031 | D:6      | Noticed Prince Ribbit
  6037 | D:6      | Reached skill level 2 in Conjurations
  6055 | D:6      | Reached skill level 1 in Poison Magic
  6179 | D:6      | Killed Prince Ribbit
  6316 | D:6      | Noticed Blork the orc
  6333 | D:6      | Killed Blork the orc
  6334 | D:6      | Reached skill level 3 in Conjurations
  6334 | D:6      | Reached skill level 2 in Poison Magic
  6334 | D:6      | Reached XP level 8. HP: 45/45 MP: 5/13
  6351 | D:6      | Reached skill level 3 in Fighting
  6383 | D:6      | Reached skill level 3 in Spellcasting
  6812 | D:6      | Reached skill level 4 in Conjurations
  6812 | D:6      | Reached skill level 9 in Air Magic
  6841 | D:6      | Reached skill level 3 in Poison Magic
  7114 | D:6      | Noticed a slime creature
  7139 | D:6      | Killed a slime creature
  7140 | D:6      | Reached skill level 10 in Air Magic
  7257 | D:6      | Found a radiant altar of Vehumet.
  7257 | D:6      | Found a glowing silver altar of Zin.
  7257 | D:6      | Found an ancient bone altar of Kikubaaqudgha.
  7257 | D:6      | Found a broken altar of Ashenzari.
  7257 | D:6      | Found a glowing golden altar of the Shining One.
  7257 | D:6      | Found a white marble altar of Elyvilon.
  7257 | D:6      | Noticed a slime creature
  7326 | D:6      | Killed a slime creature
  7327 | D:6      | Reached skill level 11 in Air Magic
  7327 | D:6      | Reached XP level 9. HP: 36/51 MP: 3/14
  7422 | D:6      | Became a worshipper of Vehumet
  7677 | D:7      | Found a flagged portal.
  7696 | Bailey   | Entered a bailey
  7794 | Bailey   | Noticed an orc knight
  7852 | Bailey   | Identified the +1 ring mail of the Flute {rElec Str+7 Int-4
                  | Dex+4}
  8000 | Bailey   | Reached skill level 4 in Fighting
  8000 | Bailey   | Reached skill level 4 in Spellcasting
  8005 | Bailey   | Learned a level 4 spell: Airstrike
  8009 | Bailey   | Learned a level 3 spell: Swiftness
  8012 | Bailey   | Learned a level 2 spell: Static Discharge
  8374 | Bailey   | Reached * piety under Vehumet
  8374 | Bailey   | Offered knowledge of Foxfire by Vehumet.
  8393 | Bailey   | Reached skill level 5 in Fighting
  8567 | Bailey   | Killed an orc knight
  8568 | Bailey   | Reached skill level 5 in Spellcasting
  8568 | Bailey   | Reached skill level 2 in Evocations
  8774 | D:7      | Reached skill level 6 in Summonings
  9187 | D:7      | Found a staircase to the Ecumenical Temple.
  9377 | D:7      | Reached skill level 3 in Evocations
  9377 | D:7      | Reached XP level 10. HP: 59/59 MP: 5/19
  9712 | D:8      | Found an ornate altar of the Wu Jian Council.
  9751 | D:8      | Offered knowledge of Momentum Strike by Vehumet.
  9895 | D:8      | Reached ** piety under Vehumet
  9917 | D:8      | Found Baufuforph's Distillery.
  9955 | D:8      | Found a sand-covered staircase.
  9970 | Ossuary  | Entered an ossuary
 10058 | Ossuary  | Reached skill level 12 in Air Magic
 10319 | Ossuary  | Offered knowledge of Dazzling Flash by Vehumet.
 10619 | D:8      | Bought a potion of curing for 39 gold pieces
 10619 | D:8      | Bought a potion of magic for 104 gold pieces
 10767 | D:8      | Noticed Gastronok
 10780 | D:8      | Reached skill level 7 in Summonings
 10825 | Temple   | Entered the Ecumenical Temple
 11158 | D:8      | Reached *** piety under Vehumet
 11159 | D:8      | Reached skill level 4 in Evocations
 11416 | D:8      | Reached skill level 6 in Spellcasting
 11577 | D:8      | Noticed an ice statue
 11602 | D:8      | Killed from afar by Gastronok

Vanquished Creatures
  An orc knight (Bailey)
  A slime creature (D:6)
  A sky beast (D:7)
  9 orc warriors
  2 ice beasts
  A centaur (D:7)
  A phantom (D:6)
  Blork the orc (D:6)
  A kobold brigand (D:6)
  2 gnoll sergeants (D:8)
  A bullfrog (D:8)
  3 killer bees (D:8)
  5 hounds
  2 orc priests
  A gnoll bouda (D:5)
  3 jellies (D:6)
  3 orc wizards
  Ijyb (D:3)
  An iguana (D:5)
  2 scorpion zombies (D:8)
  7 mummies (Ossuary)
  A howler monkey skeleton (D:8)
  15 gnolls
  5 adders
  A shadow imp (D:8)
  2 worms
  4 dart slugs
  25 orcs
  6 ball pythons
  7 endoplasms
  A giant cockroach (D:3)
  A gnoll zombie (Ossuary)
  12 goblins
  5 hobgoblins
  2 quokkas
  6 bats (D:1)
  3 frilled lizards
  3 hobgoblin zombies (Ossuary)
  24 kobolds
  2 kobold zombies (Ossuary)
  An orc zombie (Ossuary)
  9 rats
184 creatures vanquished.

Vanquished Creatures (collateral kills)
  Prince Ribbit (D:6)
  A slime creature (D:6)
  A water moccasin (D:7)
  An ogre (D:6)
  4 kobold brigands
  A bullfrog (D:8)
  2 killer bees (D:8)
  A hound (D:6)
  2 iguanas (D:6)
  A scorpion zombie (D:8)
  A mummy (Ossuary)
  3 gnolls
  A howler monkey skeleton (D:8)
  2 orcs (D:4)
  An endoplasm (D:6)
  A goblin (D:7)
  An orc zombie (Ossuary)
25 creatures vanquished.

Grand Total: 209 creatures vanquished

Table legend: (Time is in decaauts)
 A = Elapsed time spent in this place.
 B = Non-inter-level travel time spent in this place.
 C = Inter-level travel time spent in this place.
 D = Time resting spent in this place.
 E = Time spent auto-exploring this place.
 F = Levels seen in this place.
 G = Mean time per level.
                   A        B        C        D        E       F      G
               +--------+--------+--------+--------+--------+-----+--------+
         Total |  11612 |  11008 |    604 |   1431 |   7474 |  11 | 1055.6 |
       Dungeon |   9923 |   9319 |    604 |    997 |   6671 |   8 | 1240.4 |
        Temple |      1 |      1 |      0 |      0 |      0 |   1 |    1.0 |
       Ossuary |    631 |    631 |      0 |    191 |    301 |   1 |  631.0 |
        Bailey |   1055 |   1055 |      0 |    243 |    502 |   1 | 1055.0 |
               +--------+--------+--------+--------+--------+-----+--------+

Top non-repeatable levels by time:
     D:6: 2010 daAuts
     D:1: 1571 daAuts
     D:3: 1412 daAuts
     D:5: 1088 daAuts
  Bailey: 1055 daAuts
     D:7: 1040 daAuts
     D:8: 1009 daAuts
     D:2: 918 daAuts
     D:4: 872 daAuts
 Ossuary: 631 daAuts
  Temple: 1 daAuts

Table legend:
 A = Non-vault XP
 B = Vault XP
 C = Vault XP percentage of total XP
 D = Non-vault monster count
 E = Vault monster count
 F = Vault count percentage of total count
                 A         B        C        D         E       F
            +---------+---------+-------+---------+---------+-------
      Total |    3035 |    3257 |  51.8 |     136 |      73 |  34.9
            +---------+---------+-------+---------+---------+-------
        D:1 |      43 |       0 |   0.0 |      24 |       0 |   0.0
        D:2 |      49 |       0 |   0.0 |      13 |       0 |   0.0
        D:3 |     141 |      45 |  24.2 |      20 |       6 |  23.1
        D:4 |     100 |       0 |   0.0 |       9 |       0 |   0.0
        D:5 |     193 |       0 |   0.0 |       8 |       0 |   0.0
        D:6 |     492 |    1334 |  73.1 |      16 |      17 |  51.5
        D:7 |     784 |       7 |   0.9 |      13 |       4 |  23.5
        D:8 |    1233 |     133 |   9.7 |      33 |       5 |  13.2
    Ossuary |       0 |     153 | 100.0 |       0 |      16 | 100.0
     Bailey |       0 |    1585 | 100.0 |       0 |      25 | 100.0
            +---------+---------+-------+---------+---------+-------

Levels and vault maps discovered:
D:1:      arrival_zaba_pyramid, layout_loops_corners, kennysheep_boxes
D:2:      layout_rooms
D:3:      layout_loops_cross, tgw_trog, uniq_ijyb
D:4:      layout_gridville, gammafunk_ghost_abyssal_escape
D:5:      layout_basic, serial_shops, shop
D:6:      cheibrodos_fertilizer, layout_basic, uniq_blork_the_orc,
          uniq_prince_ribbit1
D:7:      layout_rooms, minmay_temple_entry_grid, enter_bailey_5, minivault_11
D:8:      minmay_statue_hallways, layout_basic, nicolae_overflow_hidden_temple,
          nicolae_overflow_crystal_walls,
          mainiacjoe_ossuary_entry_find_the_door, serial_shops, shop,
          gammafunk_ghost_wrathful_warriors, minmay_misc_feat_rugged,
          uniq_gastronok
Temple:   nicolae_temple_superstar
